AoeStats
← Ux'TheNovack

Black Forest

508300310Analyzed
4v4 RM · 11d ago on Sep 21, 2026· 33m 36s· 8 players
Game mode
Random Map
Map size
Large (8 player)
Population
200
Speed
Normal
Resources
Standard
Victory
Conquest
Starting age
Dark Age
Ending age
Imperial Age
RankedLock teamsTeams togetherTeam positionsShared explorationLock speedFull tech treeHidden civsTurbo modeCheats
Victory
Defeat
🇪🇸 Saracens · Spain
1488
+10
🇪🇸 Ethiopians · Spain
1382
+14
🇲🇽 Hindustanis · Mexico
1366
+15
🇨🇴 Magyars · Colombia
1146
+23
🇪🇸 Mongols · Spain
1368
-17
🇷🇺 Bohemians · Russia
1354
-16
🇩🇪 Saracens · Germany
1311
-15
🇪🇸 Turks · Spain
1301
-14
YOU XXX
10:52 Feudal Age
14:32 Castle Age
14:39 Loom
Batushka_na_harlee
11:32 Feudal Age
13:18 Loom
15:34 Castle Age
21:40 Horse Collar
qianyuhu222
11:06 Feudal Age
14:41 Castle Age
12:45 Double-Bit Axe
16:00 Bow Saw
17:52 Loom
17:58 Horse Collar
26:09 Imperial Age
24:34 Wheelbarrow
24:29 Heavy Plow
29:08 Conscription
30:44 Padded Archer Armor
32:14 Town Watch
nikias.marquardt
0:46 Loom
11:19 Feudal Age
18:45 Double-Bit Axe
18:43 Horse Collar
23:31 Castle Age
22:29 Fletching
Ux'TheNovack
1:51 Loom
10:03 Feudal Age
10:41 Double-Bit Axe
16:23 Fletching
22:46 Castle Age
22:50 Crossbowman
23:31 Bodkin Arrow
24:28 Wheelbarrow
24:08 Horse Collar
28:41 Ballistics
33:48 Imperial Age
31:20 Gold Mining
31:42 Stone Mining
Ux'Tycho0201
5:34 Loom
8:36 Feudal Age
11:06 Fletching
20:34 Castle Age
19:23 Double-Bit Axe
20:26 Gold Mining
20:17 Horse Collar
20:38 Crossbowman
21:15 Bodkin Arrow
27:34 Ballistics
27:37 Bow Saw
29:43 Heavy Plow
31:17 Thumb Ring
33:38 Wheelbarrow
32:49 Town Watch
Ux' Krupjm
5:48 Loom
6:04 Loom
8:34 Feudal Age
9:12 Double-Bit Axe
17:02 Forging
20:27 Scale Barding Armor
23:06 Castle Age
21:58 Bloodlines
23:50 Husbandry
24:14 Chain Barding Armor
24:30 Iron Casting
33:23 Gold Mining
NTM.daniel.echeverri3
0:27 Loom
10:32 Feudal Age
13:25 Scale Barding Armor
15:51 Double-Bit Axe
18:50 Bloodlines
20:20 Horse Collar
24:21 Wheelbarrow
26:26 Castle Age
27:40 Light Cavalry
28:46 Chain Barding Armor
28:28 Husbandry
Connection lost

Rejoining the realm…

Still unreachable

The connection could not be restored.

Session expired

The server has moved on; the page needs a fresh start.